 Dungeon Crawl Stone Soup version 0.23.2-1-ga50397a (webtiles) character file.

Game seed: 1076120995666979169

2489 diana the Skirmisher (level 9, -3/69 HPs)
             Began as a Demonspawn Fighter on May 24, 2019.
             Was an Initiate of Makhleb.
             Succumbed to a killer bee's poison
             ... on level 8 of the Dungeon.
             The game lasted 00:11:11 (7325 turns).

diana the Skirmisher (Demonspawn Fighter)           Turns: 7325, Time: 00:11:11

Health: -3/69      AC: 12    Str: 19      XL:     9   Next: 27%
Magic:  9/9        EV:  6    Int:  9 (10) God:    Makhleb [......]
Gold:   343        SH: 10    Dex: 17      Spells: 8/8 levels left

rFire    + . .     SeeInvis .   a - +0 war axe
rCold    . . .     Gourm    .   c - +0 shield
rNeg     . . .     Faith    .   j - +0 plate armour
rPois    .         Spirit   .   (no helmet)
rElec    .         Reflect  .   (no cloak)
rCorr    .         Harm     .   (no gloves)
MR       .....                  (no boots)
Stlth    ..........             (no amulet)
HPRegen  0.21/turn              (no ring)
MPRegen  0.11/turn              (no ring)

@: lethally poisoned (-3 -> -36), about to teleport
A: hooves 2, thin skeletal structure 1, agile 1, deterioration 1, fire
resistance 1, sense surroundings 1, powered by death 1, MP-powered wands
a: Renounce Religion


You were on level 8 of the Dungeon.
You worshipped Makhleb.
Makhleb was noncommittal.
You were hungry.

You visited 2 branches of the dungeon, and saw 9 of its levels.
You also visited: Ossuary.

You collected 343 gold pieces.

Inventory:

Hand Weapons
 a - a +0 war axe (weapon)
Armour
 b - a +0 scale mail
 c - a +0 shield (worn)
 j - a +0 plate armour (worn)
Jewellery
 y - an uncursed ring of stealth
 D - an uncursed ring of protection from cold {unknown}
 F - an uncursed ring of magical power {unknown}
Wands
 n - a wand of digging (7)
 E - a wand of scattershot (5)
 G - a wand of disintegration (13)
Scrolls
 g - 4 scrolls of identify
 h - a scroll of fog {unknown}
 k - 2 scrolls of immolation {unknown}
 l - 5 scrolls of remove curse
 p - 4 scrolls of noise
 q - 3 scrolls of amnesia
 s - 3 scrolls of teleportation
 t - a scroll of enchant weapon {unknown}
 u - a scroll of enchant armour {unknown}
 v - 2 scrolls of fear {unknown}
 B - a scroll of random uselessness {unknown}
 C - a scroll of magic mapping {unknown}
Potions
 d - 2 potions of might
 e - 2 potions of brilliance
 i - 2 potions of lignification
 m - a potion of cancellation
 r - a potion of magic {unknown}
 w - 6 potions of flight {unknown}
 x - a potion of ambrosia {unknown}
 z - a potion of invisibility {unknown}
 A - a potion of agility
Comestibles
 f - 9 rations


   Skills:
 + Level 6.3 Fighting
 + Level 5.3 Axes
 + Level 5.8 Armour
 + Level 4.8 Dodging
 + Level 5.8 Shields
 + Level 1.2 Invocations


You had 8 spell levels left.
You didn't know any spells.
Your spell library was empty.

Dungeon Overview and Level Annotations

Branches:
Dungeon (8/15)             Temple (1/1) D:7
   Lair: D:8-11

Altars:
Ashenzari
Cheibriados
Dithmenos
Elyvilon
Fedhas
Gozag
Hepliaklqana
Kikubaaqudgha
Makhleb
Nemelex Xobeh
Okawaru
Qazlal
Ru
Sif Muna
Trog
Uskayaw
Vehumet
Wu Jian
Xom
Yredelemnul
Zin
The Shining One

Shops:
D:6 (

Annotations:
D:4 exclusion: oklob plant


Innate Abilities, Weirdness & Mutations

You have hoof-like feet.
You have a somewhat thin skeletal structure. (Dex +2, Stealth)
Your flesh is heat resistant. (rF+)
You regenerate a little health from kills.
You are agile. (Dex +2)
Your body sometimes deteriorates upon taking damage.
You passively map a small area around you.
You expend magic power (3 MP) to strengthen your wands.


Message History

You slash the killer bee! You hit the killer bee.
* * * LOW HITPOINT WARNING * * *
You feel very sick.
The killer bee stings you but does no damage. x4
The orc wizard casts a spell at you. The magic dart hits you.
* * * LOW HITPOINT WARNING * * *
The killer bee stings you but does no damage. x4
You block the killer bee's attack.
The orc wizard hits you but does no damage.
You block the killer bee's attack. The killer bee completely misses you.
You block the orc's attack.
Unknown command.
You hit the orc wizard. Your kick misses the orc wizard.
The orc wizard is almost dead.
You closely miss the killer bee. You hit the killer bee.
You hit the killer bee but do no damage.
Your plate armour prevents you from hitting the orc.
You hit the killer bee. You slash the killer bee!
You die...

# * ##., , ,
###.. * * ,
#...#### * ,,
#####......###
.......yy....##
* * , , ,
#o@y...... * ,
,#Kyyo...... ,
, ...Ko5.......
,
..K.KK.........
, ,
.%.............
,
.....H.........
, ** *
#####..........
, * #......(...
, , ,


You could see a hippogriff, a big kobold, 5 killer bees, an orc wizard, a
crimson imp, 2 orcs and 4 kobolds.

Vanquished Creatures
  2 centaur zombies (D:7)
  A hornet (D:7)
  A steam dragon (D:6)
  A necrophage (D:5)
  2 centaurs
  A phantom (D:7)
  3 ogres
  A crocodile (D:7)
  3 water moccasin zombies (Ossuary)
  4 killer bees (D:7)
  5 hounds
  An orc priest (D:5)
  3 bullfrog skeletons
  3 orc wizards
  A worker ant (D:5)
  A killer bee zombie (D:7)
  2 big kobold zombies (Ossuary)
  A hound zombie (D:7)
  2 mummies (Ossuary)
  3 gnolls (D:7)
  13 adders
  2 shadow imps
  An ooze (D:1)
  6 adder zombies
  An adder skeleton (D:5)
  4 worms
  5 leopard geckos
  11 orcs
  3 ball pythons
  6 bats
  4 giant cockroaches
  3 gnoll zombies (Ossuary)
  7 goblins
  6 hobgoblins
  2 jackals (D:8)
  3 quokkas
  2 frilled lizards
  4 hobgoblin zombies (Ossuary)
  13 kobolds
  3 kobold zombies (Ossuary)
  4 orc zombies (Ossuary)
  A quokka zombie (D:7)
  13 rats
158 creatures vanquished.

Notes
Turn   | Place    | Note
-------+----------+-------------------------------------------
     0 | D:1      | diana the Demonspawn Fighter began the quest for the Orb.
     0 | D:1      | Reached XP level 1. HP: 18/18 MP: 1/1
    91 | D:1      | Gained mutation: You have large cloven feet. [demonic
                  | ancestry]
    91 | D:1      | Reached XP level 2. HP: 22/24 MP: 2/2
   333 | D:1      | You fall through a shaft!
   382 | D:2      | Gained mutation: You have hoof-like feet. [demonic
                  | ancestry]
   382 | D:2      | Reached XP level 3. HP: 25/29 MP: 3/3
   547 | D:2      | Reached skill level 1 in Dodging
   869 | D:3      | Noticed a centaur
   876 | D:3      | Killed a centaur
   876 | D:3      | Gained mutation: Your flesh is heat resistant. (rF+)
                  | [demonic ancestry]
   876 | D:3      | Reached XP level 4. HP: 30/36 MP: 4/4
   950 | D:3      | Reached XP level 5. HP: 41/41 MP: 5/5
  1373 | D:3      | Found a shimmering altar of Xom.
  1388 | D:3      | Found an ornate altar of the Wu Jian Council.
  2024 | D:4      | Found a sand-covered staircase.
  2035 | D:4      | Found a basalt altar of Yredelemnul.
  2037 | D:4      | Found a sacrificial altar of Ru.
  2250 | Ossuary  | Entered an ossuary
  2307 | Ossuary  | Reached XP level 6. HP: 48/48 MP: 6/6
  2326 | Ossuary  | Reached skill level 4 in Fighting
  2551 | Ossuary  | Gained mutation: You have a somewhat thin skeletal
                  | structure. (Dex +2, Stealth) [demonic ancestry]
  2551 | Ossuary  | Reached XP level 7. HP: 15/55 MP: 7/7
  2991 | D:4      | Found a shadowy altar of Dithmenos.
  3379 | D:4      | Found a blossoming altar of Fedhas.
  3397 | D:4      | Noticed an oklob plant
  3625 | D:5      | Entered Level 5 of the Dungeon
  4269 | D:5      | Reached skill level 5 in Fighting
  4318 | D:5      | Found an ancient bone altar of Kikubaaqudgha.
  4318 | D:5      | Found a blossoming altar of Fedhas.
  4381 | D:5      | Reached XP level 8. HP: 18/61 MP: 8/8
  5556 | D:6      | Found Bethao's Antique Weapon Boutique.
  5642 | D:7      | Reached skill level 5 in Armour
  5642 | D:7      | Reached skill level 5 in Shields
  5852 | D:7      | Noticed a hornet
  5878 | D:7      | Killed a hornet
  5878 | D:7      | Reached skill level 5 in Axes
  6105 | D:7      | Reached skill level 6 in Fighting
  6271 | D:7      | Found a staircase to the Ecumenical Temple.
  6279 | D:7      | Gained mutation: You are resistant to electric shocks.
                  | (rElec) [potion of mutation]
  6279 | D:7      | Gained mutation: You tend to lose your temper in combat.
                  | [potion of mutation]
  6279 | D:7      | Gained mutation: You are somewhat resistant to further
                  | mutation. [potion of mutation]
  6281 | D:7      | Gained mutation: You regenerate a little health from kills.
                  | [demonic ancestry]
  6281 | D:7      | Reached XP level 9. HP: 48/69 MP: 9/9
  6290 | Temple   | Entered the Ecumenical Temple
  6502 | Temple   | Became a worshipper of Makhleb the Destroyer
  6544 | D:7      | Lost mutation: You are somewhat resistant to further
                  | mutation. [potion of mutation]
  6544 | D:7      | Lost mutation: You tend to lose your temper in combat.
                  | [potion of mutation]
  6544 | D:7      | Lost mutation: You are resistant to electric shocks.
                  | (rElec) [potion of mutation]
  6544 | D:7      | Gained mutation: You are agile. (Dex +2) [potion of
                  | mutation]
  6544 | D:7      | Gained mutation: Your body sometimes deteriorates upon
                  | taking damage. [potion of mutation]
  6544 | D:7      | Gained mutation: You passively map a small area around you.
                  | [potion of mutation]
  6544 | D:7      | Gained mutation: You expend magic power (3 MP) to
                  | strengthen your wands. [potion of mutation]
  6681 | D:7      | Found an iron altar of Okawaru.
  6898 | D:7      | HP: 2/103 [killer bee (4)]
  6904 | D:7      | Reached skill level 1 in Invocations
  7324 | D:8      | HP: 3/69 [poisoned by a killer bee]
  7324 | D:8      | HP: 1/69 [orc wizard/magic dart (2)]
  7325 | D:8      | Succumbed to a killer bee's poison

Skill      XL: |  1  2  3  4  5  6  7  8  9 |
---------------+----------------------------+-----
Axes           | 2 3 4 5 |  5.3
Shields        | 3 4 5 |  5.8
Armour         | 3 4 5 |  5.8
Dodging        | 1 2 3 4 |  4.8
Fighting       | 4 5 6 |  6.3
Invocations    | 1 |  1.2

Action                   |  1- 3 |  4- 6 |  7- 9 || total
-------------------------+-------+-------+-------++-------
Melee: War axe           |    84 |   235 |   319 ||   638
       Kick              |    15 |    58 |    90 ||   163
  Use: Scroll            |       |     1 |     4 ||     5
       Potion            |       |     8 |     9 ||    17
  Eat: Chunk             |       |     4 |     7 ||    11
       Ration            |       |     1 |     2 ||     3
Armor: Scale mail        |     7 |       |       ||     7
       Plate armour      |    40 |   144 |   227 ||   411
       Skin              |       |       |    31 ||    31
Dodge: Dodged            |    18 |    28 |    78 ||   124
Block: Shield            |    35 |   111 |   226 ||   372
